 Dungeon Crawl Stone Soup version 0.28.0-53-g5a82cb258f (webtiles) character file.

Game seed: 11190047059813253545

13073 cbfl8 the Cleaver (level 11, 0/130 HPs)
             Began as a Demonspawn Berserker on Aug 16, 2022.
             Was an Elder of Trog.
             Slain by a very large slime creature (35 damage)
             ... on level 13 of the Dungeon.
             The game lasted 00:25:26 (19021 turns).

cbfl8 the Cleaver (Demonspawn Berserker)           Turns: 19021, Time: 00:25:27

Health: 0/130      AC: 24    Str: 20    XL:     11   Next: 70%
Magic:  0/11       EV:  8    Int:  9    God:    Trog [****..]
Gold:   562        SH:  0    Dex: 14    Spells: 10/10 levels left

rFire   + . .      SeeInvis .   R - +3 battleaxe
rCold   . . .      Faith    .   (shield currently unavailable)
rNeg    . . .      Spirit   +   G - +0 plate armour
rPois   .          Reflect  .   (helmet restricted)
rElec   .          Harm     .   s - +0 cloak
rCorr   .          Rampage  .   j - +2 pair of gloves
Will    .....                   y - +0 pair of boots
Stlth   ..........              u - amulet of magic regeneration
HPRegen 0.31/turn               P - +4 ring of slaying
MPRegen 0.64/turn               i - ring of protection from fire

@: berserking, sanguine armoured, studying Stealth, very quick
A: antennae 1, ignite blood 2, magic shield, magic regeneration, sanguine armour
1
a: Renounce Religion, Berserk, Trog's Hand, Brothers in Arms


You were on level 13 of the Dungeon.
You worshipped Trog.
Trog was greatly pleased with you.
You visited 1 branch of the dungeon, and saw 13 of its levels.

You collected 844 gold pieces.
You spent 282 gold pieces at shops.

Inventory:

Hand Weapons
 R - a +3 battleaxe (weapon)
Missiles
 N - 2 throwing nets
Armour
 j - a +2 pair of gloves (worn)
 s - a +0 cloak (worn)
 y - a +0 pair of boots (worn)
 G - a +0 plate armour (worn)
Jewellery
 i - a ring of protection from fire (right hand)
 m - a ring of poison resistance
 q - a ring of resist corrosion
 r - a ring of positive energy
 u - an amulet of magic regeneration (around neck)
 A - a ring of ice
 P - a +4 ring of slaying (left hand)
Wands
 B - a wand of paralysis (6) (quivered)
 E - a wand of iceblast (10)
 I - a wand of mindburst (6)
 K - a wand of flame (4)
Scrolls
 d - a scroll of silence {unknown}
 e - 6 scrolls of teleportation
 g - a scroll of noise {unknown}
 k - a scroll of immolation
 l - a scroll of enchant armour
 o - 2 scrolls of enchant weapon {unknown}
 z - a scroll of blinking
 C - a scroll of acquirement {unknown}
 F - a scroll of summoning {unknown}
 H - a scroll of brand weapon {unknown}
 Q - a scroll of fog {unknown}
Potions
 b - 2 potions of mutation
 c - 4 potions of curing
 f - 3 potions of might
 h - 2 potions of cancellation
 n - a potion of resistance {unknown}
 p - 2 potions of haste {unknown}
 t - a potion of invisibility {unknown}
 v - 2 potions of lignification
 w - a potion of ambrosia {unknown}
 x - 2 potions of brilliance {unknown}
 D - a potion of attraction {unknown}
 J - a potion of berserk rage {unknown}
Miscellaneous
 L - a phantom mirror
 M - a condenser vane
 O - a phial of floods


   Skills:
 * Level 8.6 Fighting
 * Level 10.9 Axes
 + Level 6.5 Armour
 * Level 6.1 Dodging
 * Level 7.8 Stealth
 * Level 6.1 Evocations


You had 10 spell levels left.
You didn't know any spells.
Your spell library was empty.

Dungeon Overview and Level Annotations

Branches:
Dungeon (13/15)            Temple (0/1) D:7            Lair (0/6) D:9
    Orc (0/2) D:9
 Vaults: D:13-14

Altars:
Elyvilon
Fedhas
Gozag
Nemelex Xobeh
Qazlal
Ru
Sif Muna
Trog
Uskayaw
Wu Jian
Zin
The Shining One

Shops:
D:4 (   D:7 !   D:11 ?


Innate Abilities, Weirdness & Mutations

You have a pair of small antennae on your head.
Your demonic aura often causes spilled blood to erupt in flames.
When hurt, damage is shared between your health and your magic reserves.
You regenerate magic rapidly.
When seriously injured, your blood forms armour. (AC +6)


Message History

You are too injured to fight recklessly!
Unknown command.
You cut the very large slime creature into ribbons!!!
The very large slime creature is heavily wounded.
You slice the vampire mosquito!!
You destroy the vampire mosquito!
Trog accepts your kill.
You slice the slime creature!! You slash the vampire mosquito!
The vampire mosquito completely misses you.
The slime creature is engulfed in blazing flames.
You kill the slime creature!
Trog accepts your kill.
The very large slime creature barely misses you.
The vampire mosquito bites you.
* * * LOW HITPOINT WARNING * * *
The vampire mosquito draws strength from your injuries!
The vampire mosquito bites you but does no damage.
Unknown command.
You slash the very large slime creature!
The very large slime creature is severely wounded.
You hit the vampire mosquito. You slash the vampire mosquito!
You destroy the vampire mosquito!
Trog accepts your kill.
The vampire mosquito closely misses you.
The very large slime creature hits you but does no damage.
You slash the very large slime creature!
The very large slime creature is severely wounded.
You barely miss the vampire mosquito.
The vampire mosquito bites you but does no damage. x2
You slice the very large slime creature!!
The very large slime creature is severely wounded.
You slice the vampire mosquito!!
You destroy the vampire mosquito!
Trog accepts your kill. The very large slime creature hits you.
* * * LOW HITPOINT WARNING * * *
You slice the very large slime creature!!
The very large slime creature is almost dead.
The very large slime creature hits you!!!
You die...

....... .......
....... .......
....... #####
.......
......##†......
#.J@°......
......##...>...
..... #......
.... #..... ...
##### ##


You could see a very large slime creature.

Vanquished Creatures
  A boulder beetle (D:11)
  A death knight (D:12)
  A deep elf pyromancer (D:12)
  An oklob plant (D:9)
  A cyclops (D:11)
  An ice statue (D:11)
  An efreet (D:12)
  2 kobold demonologists
  6 trolls
  A slime creature (D:13)
  3 vampires
  2 shadows
  6 humans (D:9)
  6 yaks
  6 vampire mosquitoes
  A steam dragon (D:9)
  Menkaure (D:5)
  Edmund (D:5)
  4 orc warriors
  3 water moccasins
  3 black bears
  2 ogres
  4 necrophages
  9 centaurs
  5 kobold brigands
  A bullfrog (D:6)
  2 scorpions
  5 killer bees
  3 wights (D:9)
  3 centaur zombies
  3 hounds (D:5)
  2 jellies
  2 centaur skeletons
  3 orc priests
  A bullfrog skeleton (D:6)
  2 iguanas
  Natasha (thrice) (D:3)
  9 orc wizards
  2 howler monkey zombies
  Robin (D:2)
  14 gnolls
  6 adders
  A shadow imp (D:6)
  3 white imps
  2 ufetubi
  An adder skeleton (D:5)
  2 worms
  A dart slug (D:1)
  28 orcs
  8 bats
  8 endoplasms
  3 giant cockroaches
  21 goblins
  10 hobgoblins
  4 jackals (D:3)
  15 kobolds
  5 quokkas
  5 ball pythons
  2 frilled lizards (D:3)
  6 rats
  A bush (D:9)
260 creatures vanquished.

Vanquished Creatures (others)
  11 fungi (D:9)
  40 plants
51 creatures vanquished.

Grand Total: 311 creatures vanquished

Notes
Turn   | Place    | Note
-------+----------+-------------------------------------------
     0 | D:1      | cbfl8 the Demonspawn Berserker began the quest for the Orb.
     0 | D:1      | Reached XP level 1. HP: 18/18 MP: 1/1
   149 | D:1      | Gained mutation: You have a pair of small antennae on your
                  | head. [demonic ancestry]
   149 | D:1      | Reached XP level 2. HP: 17/24 MP: 2/2
   305 | D:1      | Reached skill level 3 in Axes
  1058 | D:1      | Gained mutation: When seriously injured, your blood forms
                  | armour. (AC +6) [demonic ancestry]
  1058 | D:1      | Reached XP level 3. HP: 29/29 MP: 3/3
  1059 | D:1      | Reached skill level 1 in Stealth
  1304 | D:2      | Noticed Robin
  1334 | D:2      | Found a faded altar of an unknown god.
  1908 | D:2      | Gained mutation: You regenerate magic rapidly. [demonic
                  | ancestry]
  1908 | D:2      | Reached XP level 4. HP: 16/37 MP: 4/4
  2147 | D:2      | Noticed Natasha
  2215 | D:2      | Reached ** piety under Trog
  2367 | D:2      | Killed Robin
  2388 | D:2      | Reached skill level 1 in Evocations
  3670 | D:3      | Reached XP level 5. HP: 42/42 MP: 5/5
  3793 | D:3      | Killed Natasha
  3794 | D:3      | Reached skill level 4 in Axes
  3886 | D:3      | Noticed Natasha
  3894 | D:3      | Killed Natasha
  3960 | D:3      | Noticed Natasha
  3967 | D:3      | Killed Natasha
  4449 | D:4      | Found Loasimm's Weapon Shop.
  4644 | D:4      | Found an ornate altar of the Wu Jian Council.
  4648 | D:4      | Found a hide-covered altar of Uskayaw.
  5091 | D:4      | Reached XP level 6. HP: 33/48 MP: 6/6
  5720 | D:5      | Entered Level 5 of the Dungeon
  6826 | D:5      | Noticed Edmund
  6840 | D:5      | Killed Edmund
  7077 | D:5      | Reached XP level 7. HP: 37/55 MP: 7/7
  7428 | D:5      | Noticed Menkaure
  7439 | D:5      | Killed Menkaure
  7440 | D:5      | Reached skill level 5 in Axes
  7727 | D:5      | Found a sacrificial altar of Ru.
  8395 | D:6      | Gained mutation: Your demonic aura sometimes causes spilled
                  | blood to erupt in flames. [demonic ancestry]
  8395 | D:6      | Reached XP level 8. HP: 14/61 MP: 8/8
  8681 | D:6      | Reached skill level 5 in Fighting
  8681 | D:6      | Reached skill level 6 in Axes
  8967 | D:6      | Found a shimmering blue altar of Sif Muna.
  9692 | D:7      | Found a staircase to the Ecumenical Temple.
  9774 | D:7      | Reached *** piety under Trog
  9884 | D:7      | Noticed a troll
  9898 | D:7      | Killed a troll
  9899 | D:7      | Reached skill level 7 in Axes
  9899 | D:7      | Gained mutation: Your demonic aura often causes spilled
                  | blood to erupt in flames. [demonic ancestry]
  9899 | D:7      | Reached XP level 9. HP: 62/68 MP: 9/9
  9917 | D:7      | Noticed a troll
  9928 | D:7      | Killed a troll
 10908 | D:7      | Found Daziur's Distillery.
 10912 | D:7      | Bought a potion of might for 48 gold pieces
 10912 | D:7      | Bought a potion of curing for 36 gold pieces
 11200 | D:8      | You fall into a shaft and drop 3 floors!
 11221 | D:11     | Noticed a cyclops
 11230 | D:11     | Killed a cyclops
 11306 | D:11     | Reached skill level 8 in Axes
 11435 | D:10     | Entered Level 10 of the Dungeon
 11441 | D:10     | Reached skill level 5 in Armour
 11444 | D:10     | Reached skill level 5 in Stealth
 11446 | D:10     | Reached XP level 10. HP: 77/77 MP: 10/10
 11503 | D:10     | Found a stormy altar of Qazlal.
 11766 | D:10     | Reached skill level 5 in Dodging
 11897 | D:9      | Reached skill level 9 in Axes
 11912 | D:9      | Reached skill level 5 in Evocations
 12400 | D:8      | Reached **** piety under Trog
 12772 | D:8      | Found a sparkling altar of Nemelex Xobeh.
 13551 | D:9      | Found a staircase to the Orcish Mines.
 13576 | D:9      | Found a staircase to the Lair.
 13942 | D:9      | Found a blossoming altar of Fedhas.
 13960 | D:9      | Noticed an oklob plant
 14230 | D:9      | Found a bloodstained altar of Trog.
 14367 | D:9      | Found an opulent altar of Gozag.
 14824 | D:9      | Killed an oklob plant
 15288 | D:10     | Gained mutation: When hurt, damage is shared between your
                  | health and your magic reserves. [demonic ancestry]
 15288 | D:10     | Reached XP level 11. HP: 86/86 MP: 11/11
 15639 | D:10     | Reached skill level 10 in Axes
 16101 | D:11     | Found Oturu's Magic Scroll Emporium.
 16111 | D:11     | Bought a scroll of identify for 36 gold pieces
 16111 | D:11     | Bought a scroll of teleportation for 54 gold pieces
 16111 | D:11     | Bought 2 scrolls of teleportation for 108 gold pieces
 16957 | D:12     | Noticed a boulder beetle
 16993 | D:11     | Killed a boulder beetle
 17405 | D:12     | Noticed a deep elf pyromancer
 17413 | D:12     | Killed a deep elf pyromancer
 18623 | D:12     | Noticed a death knight
 18636 | D:12     | Killed a death knight
 19021 | D:13     | Slain by a very large slime creature

Illustrated notes

Levels and vault maps discovered:
D:1:      amcnicky_arrival_underground_garden, layout_basic,
          minmay_misc_feat_cross, kennysheep_another_room, serial_bayou_pond_b,
          minmay_box_of_dots
D:2:      layout_loops_ring, serial_glass, glass_columns_a, glass_columns_b,
          basic_ecumenical_altar, uniq_robin, uniq_natasha
D:3:      layout_basic, nicolae_elyvilon_temple_path,
          chequers_serial_rivers_small_b, minmay_misc_feat_plants,
          kennysheep_generic_room_9
D:4:      layout_loops_cross, mainiacjoe_overflow_surrounded_room,
          kennysheep_mini, pdpol_wu_jian_five_deadly_venoms, serial_shops,
          nicolae_shop_crystal, serial_bayou_pond_e, chequers_big_river
D:5:      layout_loops_ring, general_overflow_altar,
          wad_floor_pattern_untrapped, uniq_menkaure, uniq_edmund
D:6:      layout_cave_pools, mainiacjoe_overflow_chevrons
D:7:      layout_basic, minmay_temple_entry_butterflies, serial_shops,
          nicolae_shop_trees, grunt_decor_arrowhead, minmay_manual_mandibuliform
D:8:      minmay_recursive_quarters, layout_cave_pools,
          nemelex_xobeh_ov_fountains_minmay, enter_bailey_7,
          chequers_serial_rivers_micro_e
D:9:      layout_basic, mainiacjoe_overflow_boulevard, tgw_fedhas,
          lemuel_crystal_altar, mainiacjoe_overflow_tiny_flanked,
          lair_entry_dummy, orc_0_dummy, minmay_ruffians
D:10:     layout_long_grid, amcnicky_altar_gilded
D:11:     layout_long_grid, serial_shops, nicolae_shop_hallway_plus,
          minivault_15, grunt_ministairs_7
D:12:     layout_irregular_city, tso_metal_star
D:13:     layout_rooms, gauntlet_entry_generic

Skill      XL: |  1  2  3  4  5  6  7  8  9 10 11 |
---------------+----------------------------------+-----
Axes           | 3 4 5 7 8 9 10 | 10.9
Dodging        | 2 3 4 5 6 |  6.1
Stealth        | 1 2 3 5 6 7 |  7.8
Evocations     | 1 2 3 4 5 6 |  6.1
Armour         | 2 3 4 5 6 |  6.5
Fighting       | 4 5 6 7 8 |  8.6

Action                   |  1- 3 |  4- 6 |  7- 9 | 10-12 || total
-------------------------+-------+-------+-------+-------++-------
Melee: Hand axe          |    93 |   269 |   295 |   663 ||  1320
       Punch             |       |     6 |     4 |    17 ||    27
       Battleaxe         |       |       |       |     8 ||     8
Invok: Berserk           |     1 |     4 |     6 |    14 ||    25
       Trog's Hand       |       |       |     2 |       ||     2
Evoke: Wand              |       |       |     5 |     7 ||    12
  Use: Scroll            |       |       |     5 |     5 ||    10
       Potion            |       |       |     4 |     4 ||     8
 Stab: Sleeping          |     1 |     1 |       |       ||     2
Armor: Animal skin       |    24 |     3 |       |       ||    27
       Ring mail         |       |    70 |     9 |       ||    79
       Chain mail        |       |       |   260 |    90 ||   350
       Plate armour      |       |       |       |   295 ||   295
Dodge: Dodged            |    60 |   149 |   192 |   234 ||   635
